 Dungeon Crawl Stone Soup version 0.26.0-20-g3ca415f5b8 (webtiles) character file.

Game seed: 18410988097445017485

72 kaeus the Insei (level 4, 0/28 HPs)
             Began as an Octopode Transmuter on Jan 25, 2021.
             Slain by a bat (1 damage)
             ... on level 2 of the Dungeon.
             The game lasted 00:01:58 (2381 turns).

kaeus the Insei (Octopode Transmuter)               Turns: 2381, Time: 00:01:58

Health: 0/28       AC:  1    Str:  9    XL:     4   Next: 25%
Magic:  7/7        EV: 14    Int: 15    God:
Gold:   107        SH:  0    Dex: 13    Spells: 6/7 levels left

rFire    . . .     SeeInvis .   b - +0 dagger
rCold    . . .     Faith    +   (no shield)
rNeg     . . .     Spirit   .   (helmet restricted)
rPois    .         Reflect  .   d - amulet of faith
rElec    .         Harm     .   f - ring of stealth
rCorr    .         Rampage  .   (no ring)
Will     .....                  (no ring)
Stlth    ++++......             (no ring)
HPRegen  0.09/turn              (no ring)
MPRegen  0.10/turn              (no ring)
                                (no ring)
                                (no ring)

@: no status effects
A: almost no armour, stealthy swim, amphibious, 8 rings, constrict 8, camouflage
1, gelatinous body 1
a: no special abilities


You were on level 2 of the Dungeon.
You visited 1 branch of the dungeon, and saw 3 of its levels.

You collected 107 gold pieces.

Inventory:

Hand Weapons
 b - a +0 dagger (weapon)
Jewellery
 d - an amulet of faith (around mantle)
 f - a ring of stealth (left tentacle)
 i - an uncursed ring of magical power
Scrolls
 c - 6 scrolls of identify {unknown}
 e - a scroll of remove curse {unknown}
 g - a scroll of enchant armour {unknown}
 j - a scroll of teleportation {unknown}
Potions
 a - a potion of flight {unknown}
 h - a potion of haste {unknown}


   Skills:
 + Level 1.5 Fighting
 + Level 2.4 Dodging
 + Level 1.6 Stealth
 + Level 3.3 Unarmed Combat
 + Level 2.4 Spellcasting
 * Level 2.9 Transmutations


You had 6 spell levels left.
You knew the following spells:

 Your Spells              Type           Power        Failure   Level
a - Beastly Appendage     Tmut           20%          6%          1

Your spell library contained the following spells:

 Spells                   Type           Power        Failure   Level
 Wereblood                Tmut           10%          10%         2
 Spider Form              Tmut/Pois      3%           34%         3
 Ice Form                 Ice/Tmut       6%           75%         4
 Blade Hands              Tmut           5%           86%         5


Dungeon Overview and Level Annotations

Branches:
Dungeon (3/15)

Altars:


Innate Abilities, Weirdness & Mutations

You cannot wear most types of armour.
You are very stealthy in the water. (Stealth+)
You are amphibious.
You can wear up to eight rings at the same time.
You can use your tentacles to constrict eight enemies at once.
Your skin changes colour to match your surroundings (Stealth+).
Your rubbery body absorbs attacks. (AC +1, EV +1)


Message History

The orc is heavily wounded.
You constrict the orc. The bat barely misses you. The bat closely misses you.
The orc closely misses you.
You hit the orc.
You kill the orc!
The bat closely misses you.
You are too injured to fight recklessly!
You are too injured to fight recklessly!
The bat misses you. The bat hits you.
* * * LOW HITPOINT WARNING * * *
You hit the bat but do no damage. You grab the bat. You constrict the bat.
The bat hits you but does no damage.
The bat struggles to escape constriction.
The bat escapes!
The bat hits you but does no damage.
You see here a +0 dagger.
You barely miss the bat. Your grab misses the bat.
The bat is severely wounded.
The bat hits you.
You die...

#.....# #.#..#.##.#.# #.#.#.#
#.#..#.##.#.# #.#.#.#
#....#.##.#.# #.#.#.#
#......#..#.# #.#.#.#
#.##.###.##.#
#.#.#.#######.##........#
#.#.#.....))...#####.####
#.......#..>....## #.#.##
##...####..).@....###....#####
###.......'.....b...'...........
#......####........)###....#####
#......# ##.......###........#
#...#### ##.....## #..#####.#
##.## ##...## #..#####.# #.# ###
##'## #.....##.# #.# ##.## #.#
#.###.##.# #.#
##...###.######.###.##.#


You could see a bat.

Vanquished Creatures
  2 adders (D:2)
  2 worms (D:2)
  A dart slug (D:1)
  2 leopard geckos (D:2)
  4 orcs (D:2)
  2 giant cockroaches (D:2)
  3 goblins
  6 hobgoblins
  6 jackals
  2 bats (D:1)
  A frilled lizard (D:1)
  3 kobolds
  2 rats (D:1)
36 creatures vanquished.

Notes
Turn   | Place    | Note
-------+----------+-------------------------------------------
     0 | D:1      | kaeus the Octopode Transmuter began the quest for the Orb.
     0 | D:1      | Reached XP level 1. HP: 13/13 MP: 3/3
    38 | D:1      | Reached XP level 2. HP: 15/18 MP: 5/5
   959 | D:2      | Reached XP level 3. HP: 19/23 MP: 4/6
  1333 | D:2      | Reached skill level 1 in Stealth
  1803 | D:2      | Found a faded altar of an unknown god.
  1850 | D:2      | Reached XP level 4. HP: 9/28 MP: 7/7
  2375 | D:2      | HP: 1/28 [orc/+0 whip (8)]
  2381 | D:2      | Slain by a bat

Illustrated notes

Levels and vault maps discovered:
D:1:      dpeg_arrival_short_road, layout_basic, minmay_misc_feat_plants
D:2:      layout_loops_corners, chequers_ecumenical_altar_island
D:3:      layout_rooms, minmay_misc_feat_doors

Skill      XL: |  1  2  3 |
---------------+----------+-----
Stealth        | 1 |  1.6
Fighting       | |  1.5
Dodging        | |  2.4
Unarmed Combat | |  3.3
Spellcasting   | |  2.4
Transmutations | |  2.9

Action                   |  1- 3 |  4- 6 || total
-------------------------+-------+-------++-------
Melee: Unarmed           |    10 |       ||    10
       Constrict         |    25 |     5 ||    30
       Dagger            |    69 |    11 ||    80
       Kick              |    22 |     1 ||    23
       Tentacles         |    15 |     2 ||    17
       Punch             |       |     2 ||     2
 Cast: Beastly Appendage |    21 |     1 ||    22
 Stab: Sleeping          |    11 |       ||    11
Armor: Skin              |     4 |     3 ||     7
Dodge: Dodged            |    40 |    22 ||    62
